 Dungeon Crawl Stone Soup version 0.22-a0-433-gd2a9cce0b5 (webtiles) character file.

41 RedPan the Magician (level 3, -1/24 HPs)
             Began as a Mummy Fire Elementalist on May 29, 2018.
             Slain by Natasha (9 damage)
             ... on level 2 of the Dungeon.
             The game lasted 00:02:43 (1732 turns).

RedPan the Magician (Mummy Fire Elementalist)       Turns: 1732, Time: 00:02:44

Health: -1/24      AC:  2    Str: 11    XL:     3   Next: 32%
Magic:  6/7        EV: 12    Int: 15    God:
Gold:   2          SH:  0    Dex: 12    Spells: 2/8 levels left

rFire    x . .     SeeInvis .   e - +0 dagger
rCold    + . .     Gourm    .   (no shield)
rNeg     + + +     Faith    .   a - +0 robe
rPois    ∞         Spirit   .   (no helmet)
rElec    .         Reflect  .   (no cloak)
rCorr    .         Harm     .   (no gloves)
MR       .....                  (no boots)
Stlth    ++........             (no amulet)
HPRegen  0.08/turn              (no ring)
MPRegen  0.10/turn              (no ring)

@: no status effects
A: no food or potions, fire vulnerability, cold resistance 1, negative energy
resistance 3, torment resistance, unbreathing
a: no special abilities


You were on level 2 of the Dungeon.
You were not hungry.

You visited 1 branch of the dungeon, and saw 2 of its levels.

You collected 2 gold pieces.

Inventory:

Hand Weapons
 e - a +0 dagger (weapon)
Armour
 a - a +0 robe (worn)
Scrolls
 b - a scroll of identify {unknown}
 c - a scroll of remove curse


   Skills:
 + Level 0.3 Fighting
 + Level 1.6 Dodging
 - Level 1.5 Stealth
 - Level 3.0 Spellcasting
 + Level 1.7 Conjurations
 - Level 3.0 Fire Magic


You had 2 spell levels left.
You knew the following spells:

 Your Spells              Type           Power        Failure   Level  Hunger
a - Flame Tongue          Conj/Fire      #....        8%          1    N/A
b - Throw Flame           Conj/Fire      #.....       12%         2    N/A
c - Conjure Flame         Conj/Fire      #.......     22%         3    N/A

Your spell library contained the following spells:

 Spells                   Type           Power        Failure   Level  Hunger
 Fireball                 Conj/Fire      #.........   91%         5    N/A
 Sticky Flame             Conj/Fire      #.......     58%         4    N/A
 Inner Flame              Hex/Fire       #.......     32%         3    N/A

Dungeon Overview and Level Annotations

Branches:
Dungeon (2/15)

Altars:

Annotations:
D:2 Natasha


Innate Abilities, Weirdness & Mutations

You do not eat or drink.
Your flesh is vulnerable to fire.
You are immune to poison.
Your flesh is cold resistant. (rC+)
You are immune to negative energy. (rN+++)
You are immune to unholy pain and torment.
You can survive without breathing.


Message History

You start resting.
Magic restored.
You start resting.
HP restored.
There is a stone staircase leading down here.
You climb downwards.
Level annotation: Natasha Natasha claws you.
Natasha stares at you and mumbles some strange words.
The magic dart hits you!
There is a stone staircase leading up here.
Casting: Flame Tongue (safe; 8% risk of failure)
Confirm with . or Enter, or press ? or * to list all spells.
Aiming: Flame Tongue (safe; 8% risk of failure)
Press: ? - help, Shift-Dir - straight line, f - Natasha
Aim: Natasha The flame tongue hits Natasha.
Natasha is lightly wounded.
Natasha claws you!
You die...

.. #h #. #. # #.
#.#.
####...#######.##
......?....$....#
####..?.h@......#
#.########...# #!
.# .. .#


You could see Natasha.

Vanquished Creatures
  A leopard gecko (D:2)
  2 bats (D:1)
  A giant cockroach (D:1)
  5 hobgoblins (D:1)
  6 jackals (D:1)
  2 kobolds (D:1)
  A frilled lizard (D:1)
  4 goblins
  17 rats (D:1)
39 creatures vanquished.

Notes
Turn   | Place    | Note
-------+----------+-------------------------------------------
     0 | D:1      | RedPan the Mummy Fire Elementalist began the quest for the Orb.
     0 | D:1      | Reached XP level 1. HP: 13/13 MP: 4/4
    21 | D:1      | Reached skill level 1 in Conjurations
   181 | D:1      | Reached XP level 2. HP: 19/19 MP: 4/6
   204 | D:1      | Learned a level 2 spell: Throw Flame
   897 | D:1      | Reached XP level 3. HP: 17/24 MP: 5/7
   983 | D:1      | Learned a level 3 spell: Conjure Flame
  1620 | D:2      | Noticed Natasha
  1732 | D:2      | Slain by Natasha

Vault maps used:
D:1:      erik_arrival_orb_chamber, solitary_fountain
D:2:      first_ration, uniq_natasha, uniq_jessica

Skill      XL: |  1  2  3 |
---------------+----------+-----
Conjurations   | 1 |  1.7
Spellcasting   | 3 |  3.0
Fire Magic     | 3 |  3.0
Fighting       | |  0.3
Dodging        | |  1.6
Stealth        | |  1.5

Action                   || total
-------------------------++-------
Melee: Unarmed           ||    18
       Mace              ||    23
 Cast: Flame Tongue      ||    54
  Use: Scroll            ||     1
Armor: Robe              ||    14
Dodge: Dodged            ||    52

Table legend:
 A = Spawn XP
 B = Non-spawn XP
 C = Spawn XP percentage of total XP
 D = Spawn monster count
 E = Non-spawn monster count
 F = Spawn count percentage of total count
 G = Total turns spent on level
                    A         B        C        D         E        F      G
               +---------+---------+-------+---------+---------+-------+---------
         Total |       0 |      59 |   0.0 |       0 |      39 |   0.0 |  1732
               +---------+---------+-------+---------+---------+-------+---------
           D:1 |       0 |      54 |   0.0 |       0 |      37 |   0.0 |  1721
           D:2 |       0 |       5 |   0.0 |       0 |       2 |   0.0 |    11
               +---------+---------+-------+---------+---------+-------+---------
